 Dungeon Crawl Stone Soup version 0.21.1-1-g345015f (webtiles) character file.

515043 seren the Lord of Darkness (level 24, -8/191 HPs)
             Began as a Mummy Necromancer on Jan 31, 2018.
             Was the Champion of Kikubaaqudgha.
             Splashed by an acid blob's acid (12 damage)
             ... on level 4 of the Depths on Feb 13, 2018.
             The game lasted 10:37:34 (87657 turns).

seren the Lord of Darkness (Mummy Necromancer)     Turns: 87657, Time: 10:37:35

Health: -8/191     AC: 23    Str: 16    XL:     24   Next: 45%
Magic:  37/46      EV: 18    Int: 22    God:    Kikubaaqudgha [******]
Gold:   5968       SH: 11    Dex: 26    Spells: 17/61 levels left

rFire    + + .     SeeInvis .   a - +11 demon whip of Checkmate {elec, Dex+2}
rCold    + + .     Gourm    .   K - +1 buckler {AC+3}
rNeg     + + +     Faith    .   V - +8 fire dragon scales
rPois    ∞         Spirit   .   v - +0 helmet
rElec    +         Reflect  +   I - +1 cloak "Ses Uga" {+Inv Dex+5}
rCorr    .         Harm     .   h - +2 pair of gloves {Dex+3}
MR       +++..                  m - +2 pair of boots of the Assassin {Detection Stab+ Stlth++}
Stlth    ++++......             B - amulet of Zaxe {Reflect Str+2 SH+2}
HPRegen  0.41/turn              i - ring "Ozadiv" {rC+ Dex+3 Slay+2}
MPRegen  0.30/turn              A - ring "Buchipeng" {rElec rPois rF+ rC+ Slay+2}

@: corroded, very slightly contaminated, invisible
A: no food or potions, fire vulnerability, cold resistance 1, negative energy
resistance 3, torment resistance, unbreathing, in touch with death 1
}: 2/15 runes: decaying, gossamer
a: Receive Corpses, Torment, Renounce Religion


You were on level 4 of the Depths.
You worshipped Kikubaaqudgha.
Kikubaaqudgha was exalted by your worship.
You were not hungry.

You visited 10 branches of the dungeon, and saw 47 of its levels.
You also visited: Ossuary and Ice Cave.

You collected 7631 gold pieces.
You spent 1663 gold pieces at shops.

Inventory:

Hand Weapons
 a - the +11 demon whip of Checkmate (weapon) {elec, Dex+2}
   (You found it on level 2 of the Depths)

   Occasionally, upon striking a foe, it will discharge some electrical energy
   and cause terrible harm.
   It affects your dexterity (+2).
 b - the +8 hunting sling "Beopp" {venom, rElec MR+ Dex-4}
   (You bought it in a shop on level 13 of the Dungeon)

   It poisons the ammo it fires.
   It affects your dexterity (-4).
   It insulates you from electricity.
   It affects your resistance to hostile enchantments.
 j - a +2 vampiric lajatang
 l - the +9 flail "Jyitruejet" {venom, rElec rC+ Dex+3}
   (You found it on level 4 of the Vaults)

   It poisons the flesh of those it strikes.
   It affects your dexterity (+3).
   It protects you from cold.
   It insulates you from electricity.
 q - a +0 quick blade
 O - the +8 falchion of Arphiv {slice, rN+ MR+ SInv}
   (You found it on level 11 of the Dungeon)

   It inflicts extra damage upon your enemies.
   It protects you from negative energy.
   It affects your resistance to hostile enchantments.
   It lets you see invisible.
Missiles
 c - 793 stones
 o - 2 throwing nets (quivered) {!f}
 G - 256 sling bullets
Armour
 h - a +2 pair of gloves of dexterity (worn)
 m - the +2 pair of boots of the Assassin (worn) {Detection Stab+ Stlth++}
   (You found it on level 3 of the Crypt)

   It makes you much more stealthy.
 v - a +0 helmet (worn)
 y - the +1 ring mail of Qizeessupp {Regen+ rCorr Int+4}
   (You found it on level 5 of the Dungeon)

   It affects your intelligence (+4).
   It increases your rate of regeneration.
   It protects you from acid and corrosion.
 I - the +1 cloak "Ses Uga" (worn) {+Inv Dex+5}
   (You acquired it on level 4 of the Swamp)

   It affects your dexterity (+5).
   It lets you turn invisible.
 K - a +1 buckler of protection (worn)
 V - +8 fire dragon scales (worn)
Magical Staves
 z - an uncursed staff of energy
 Q - an uncursed staff of power
Jewellery
 i - the ring "Ozadiv" (left hand) {rC+ Dex+3 Slay+2}
   (You found it on level 4 of the Vaults)

   [ring of dexterity]

   It affects your dexterity (+3).
   It affects your accuracy and damage with ranged weapons and melee attacks
   (+2).
   It protects you from cold.
 p - a +6 ring of strength
 x - a +4 ring of intelligence
 A - the ring "Buchipeng" (right hand) {rElec rPois rF+ rC+ Slay+2}
   (You found it on level 10 of the Dungeon)

   [ring of slaying]

   It affects your accuracy and damage with ranged weapons and melee attacks
   (+2).
   It protects you from fire.
   It protects you from cold.
   It insulates you from electricity.
   It protects you from poison.
 B - the amulet of Zaxe (around neck) {Reflect Str+2 SH+2}
   (You bought it in a shop on level 1 of the Elven Halls)

   [amulet of reflection]

   It shields you and reflects attacks.
   It affects your strength (+2).
   It affects your SH (+2).
 E - an uncursed ring of protection from magic
 F - the ring of the Ten Ghosts {rN+ Int+6 Dex-2}
   (You found it on level 4 of the Vaults)

   [ring of positive energy]

   It affects your intelligence (+6).
   It affects your dexterity (-2).
   It protects you from negative energy.
 H - an uncursed ring of flight
 J - an uncursed ring of wizardry
 M - an uncursed ring of protection from fire
Wands
 d - a wand of disintegration (33)
 n - a wand of iceblast (32)
 r - a wand of digging (8)
 t - a wand of polymorph (34)
 u - a wand of flame (150)
 w - a wand of paralysis (55)
 W - a wand of acid (19)
Scrolls
 e - 3 scrolls of amnesia
 g - 6 scrolls of fear
 k - 4 scrolls of magic mapping
 s - 14 scrolls of remove curse
 C - 3 scrolls of teleportation {!r}
 L - 4 scrolls of fog
 N - 6 scrolls of identify
Miscellaneous
 f - 2 sacks of spiders
 P - a box of beasts
 R - a lightning rod (3/4)
 S - a lamp of fire (inert)
 T - a phial of floods


   Skills:
 + Level 16.0 Fighting
 - Level 11.9(12.1) Maces & Flails
 - Level 3.9(8.7) Staves
 + Level 13.8 Armour
 - Level 10.0 Dodging
 + Level 3.6 Stealth
 - Level 10.0 Shields
 + Level 19.1 Spellcasting
 - Level 2.0 Charms
 + Level 12.1 Summonings
 - Level 20.0 Necromancy
 + Level 1.6 Translocations
 - Level 7.0 Ice Magic
 - Level 3.0 Earth Magic
 + Level 9.2 Evocations


You had 17 spell levels left.
You knew the following spells:

 Your Spells              Type           Power        Failure   Level  Hunger
a - Pain                  Necr           ####         0%          1    N/A
b - Blink                 Tloc           N/A          5%          2    N/A
c - Borgnjor's Vile Clut  Necr/Erth      #######...   1%          5    N/A
d - Animate Dead          Necr           N/A          1%          4    N/A
e - Excruciating Wounds   Chrm/Necr      #######...   2%          5    N/A
f - Simulacrum            Ice/Necr       #######...   4%          6    N/A
g - Swiftness             Chrm/Air       ####....     8%          2    N/A
h - Haunt                 Necr/Summ      #######...   9%          7    N/A
o - Passwall              Tmut/Erth      ####......   6%          2    N/A
p - Apportation           Tloc           ####..       3%          1    N/A
s - Summon Butterflies    Summ           ######..     1%          1    N/A
u - Dispel Undead         Necr           ########     1%          5    N/A
v - Vampiric Draining     Necr           ########..   0%          3    N/A

Dungeon Overview and Level Annotations

Branches:
Dungeon (15/15)            Temple (1/1) D:7            Lair (6/6) D:10
  Swamp (4/4) Lair:3       Spider (4/4) Lair:3        Slime (0/5) Lair:5
    Orc (2/2) D:12            Elf (3/3) Orc:2        Vaults (4/5) D:14
  Crypt (3/3) Vaults:3       Tomb (0/3) Crypt:3      Depths (5/5) D:15
    Zot: Depths:5

Altars:
Ashenzari
Cheibriados
Dithmenos
Elyvilon
Fedhas
Gozag
Hepliaklqana
Kikubaaqudgha
Makhleb
Nemelex Xobeh
Okawaru
Qazlal
Ru
Sif Muna
Trog
Uskayaw
Vehumet
Wu Jian
Xom
Yredelemnul
Zin
The Shining One
Beogh
Jiyva

Shops:
D:4 =   D:5 *   D:13 (   Orc:2 !(**   Elf:1 :=*}=?**   Elf:3 =   Vaults:4 *

Portals:
Hell: Depths:1 Depths:2 Depths:3 Depths:4
Abyss: Depths:3 Depths:4
Pandemonium: Depths:1 Depths:2 Depths:3
Ziggurat: Depths:1

Annotations:
D:2 exclusion: downstairs
D:13 2 transporters
D:14 exclusion: downstairs
Lair:2 jazmu's ghost, journeyman HuFi
Spider:1 need flight to explore
Elf:2 exclusion: downstairs
Depths:3 exclusion: downstairs
Depths:4 1 transporter


Innate Abilities, Weirdness & Mutations

You do not eat or drink.
Your flesh is vulnerable to fire.
You are immune to poison.
Your flesh is cold resistant. (rC+)
You are immune to negative energy. (rN+++)
You are immune to unholy pain and torment.
You can survive without breathing.
You are in touch with the powers of death.


Message History

The splash of acid hits you!
You are splashed with acid!
The acid burns!
* * * LOW HITPOINT WARNING * * *
Casting: Animate Dead
Confirm with . or Enter, or press ? or * to list all spells.
You blink.
The acid blob spits acid at you. The splash of acid hits you!
* * * LOW HITPOINT WARNING * * *
You are splashed with acid!
The acid burns!
* * * LOW HITPOINT WARNING * * *
The acid blob spits acid at you. The splash of acid hits you!
You are splashed with acid!
The acid burns!
* * * LOW HITPOINT WARNING * * *
Your yaktaur captain zombie hits the slime creature!
The slime creature jiggles.
The slime creature hits your yaktaur captain zombie!
The acid blob spits acid at you. The splash of acid hits you!
You are splashed with acid!
The acid burns!
You die...
Kikubaaqudgha rasps: "You have failed me!
Welcome... oblivion!"

.........# #######........#.....
≈≈≈≈≈≈...# ### #####...........#.
..≈≈≈≈.≈####.###.####...≈≈≈......
≈..≈≈≈.≈###..#.#)|###...≈≈.....#.
≈≈......##.........##............
≈..≈†.÷.####§JZ[.####.#..........
..≈≈.†.©###©.JJ(..###©.#..≈......
...≈†...####†J)()####............
[.......##.J.J..@.©##...........#
...>....###..#.#)[###...##.....##
....#...####)###$####..........##
....#....##### #####.......!#.≈.#
......##..#########........##....
#....................#......#...#
........≈............#>.....#..##
...#..≈≈≈...##.......##...######
####.....≈≈..#.......####.#


You could see 4 acid blobs, 2 slime creatures and a friendly yaktaur captain
zombie.

Vanquished Creatures
  Mara (Swamp:3)
  Arachne (Spider:2)
  Jorgrun (Spider:4)
  3 liches
  Rupert (D:13)
  4 tentacled monstrosities
  3 deep elf blademasters
  A quicksilver dragon (Depths:3)
  A titan (Depths:2)
  Frances (D:13)
  A sphinx (Depths:3)
  A thorn hunter (Swamp:2)
  4 ancient champions
  Kirke (Swamp:3)
  A shadow dragon (Depths:2)
  A revenant (Crypt:3)
  3 fire giants (Depths:3)
  Agnes (D:14)
  Donald (Crypt:2)
  4 vault wardens
  6 deep elf sorcerers
  6 frost giants
  2 emperor scorpions
  5 ghost moths
  Aizul (Swamp:3)
  2 deep elf elementalists (Elf:3)
  13 ghouls
  A juggernaut zombie (Crypt:2)
  4 curse skulls (Crypt:2)
  A spriggan defender (Depths:1)
  A juggernaut skeleton (Crypt:1)
  13 very ugly things
  5 ironheart preservers
  10 stone giants
  4 entropy weavers
  Nessos (Lair:4)
  5 vampire knights
  10 deep elf demonologists
  4 deep elf annihilators
  Azrael (Spider:1)
  9 spark wasps
  2 merfolk javelineers (Depths:4)
  10 ettins
  4 eidola
  6 ogre magi
  Josephine (D:14)
  9 deep elf death magi
  18 jiangshi
  6 great orbs of eyes
  10 fire dragons
  A crystal guardian (Vaults:4)
  Erolcha (Orc:1)
  5 deep elf high priests
  A great orb of eyes (shapeshifter) (D:14)
  A vault guard (Vaults:2)
  6 yaktaur captains
  6 rakshasas
  10 hydras
  A spriggan air mage (Depths:4)
  3 ghost crabs
  11 ice dragons
  6 death knights
  2 alligators
  5 centaur warriors
  10 deep troll shamans
  21 two-headed ogres
  31 dancing weapons
  5 tengu warriors
  4 deep troll earth magi
  5 vampire magi
  2 spriggan berserkers
  4 death yaks
  7 orc high priests
  Urug (Lair:3)
  28 deep elf knights
  2 shock serpents (shapeshifter)
  Sonja (D:11)
  19 hell knights
  41 skeletal warriors
  A salamander mystic (Depths:3)
  3 shadow wraiths
  4 iron trolls
  24 deep trolls
  2 unseen horrors (Vaults:1)
  4 glowing orange brains
  A spark wasp zombie (Crypt:2)
  5 flayed ghosts
  2 wizards (D:10)
  A spriggan druid (Swamp:4)
  3 spectral hydras (Swamp:4)
  4 shambling mangroves
  3 swamp dragons
  9 harpies
  12 ironbrand convokers
  8 necromancers
  20 deep elf archers
  12 orc knights
  9 phantasmal warriors
  66 deep elf magi
  15 orb spiders
  2 orb spiders (shapeshifter)
  A sphinx zombie (Depths:2)
  A mana viper (shapeshifter) (Depths:2)
  5 orc sorcerers
  A faun (shapeshifter) (Elf:1)
  26 wolf spiders
  2 manticores
  A shining eye (Depths:4)
  4 elephants (Lair:6)
  A moth of wrath (Spider:2)
  57 ugly things
  10 cyclopes
  An elephant (shapeshifter) (D:15)
  12 vault sentinels
  Maurice (D:10)
  2 torpor snails
  2 salamanders
  A frost giant skeleton (Crypt:3)
  A human skeleton (Vaults:1)
  A fire giant skeleton (Depths:2)
  8 black mambas
  A guardian serpent (shapeshifter) (D:15)
  27 spiny frogs
  An eye of devastation (Lair:5)
  3 ice statues (IceCv)
  An eye of devastation (shapeshifter) (Elf:3)
  2 gargoyles
  5 rime drakes
  4 swamp worm zombies (Swamp:4)
  36 yaktaurs
  5 kobold demonologists
  10 demonic crawlers
  6 komodo dragons
  A hydra zombie (Swamp:4)
  10 freezing wraiths
  A yaktaur (shapeshifter) (Depths:3)
  A merfolk (D:13)
  2 guardian mummies (Crypt:3)
  2 polar bears
  42 jumping spiders
  Prince Ribbit (D:10)
  3 meliai
  2 trolls
  A hornet (shapeshifter) (Depths:4)
  A meliai (shapeshifter) (Depths:1)
  A troll (shapeshifter) (D:15)
  8 tyrant leeches
  A wolf spider simulacrum (Crypt:3)
  10 bog bodies
  44 slime creatures
  3 spectral swamp dragons (Swamp:4)
  2 death drake skeletons (Crypt:2)
  A meliai zombie (D:12)
  3 alligator zombies (Swamp:4)
  18 hornets
  A fire giant simulacrum (Depths:2)
  20 blink frogs
  7 hippogriffs
  16 dream sheep
  A sphinx simulacrum (Vaults:1)
  77 flying skulls
  An ettin skeleton (Crypt:3)
  66 redbacks
  8 air elementals
  5 shadows
  11 spriggans
  14 wraiths
  A vampire (D:13)
  A tarantella (shapeshifter) (Depths:1)
  26 tarantellas
  A large abomination (Crypt:3)
  14 water elementals
  A fire bat (shapeshifter) (D:15)
  A spriggan skeleton (Depths:2)
  7 fire elementals
  A human (shapeshifter) (Depths:3)
  35 yaks
  2 wyverns (D:12)
  31 vampire mosquitoes
  A hungry ghost (D:10)
  Menkaure (D:7)
  3 hogs
  3 small abominations (Crypt:3)
  A steam dragon (D:10)
  11 wargs
  17 insubstantial wisps
  23 swamp worms
  An acid dragon (shapeshifter) (Depths:3)
  2 acid dragons
  Duvessa (D:7)
  A torturous demonspawn skeleton (Crypt:1)
  4 porcupines
  5 sky beasts
  9 water moccasins
  3 hell hounds (Spider:1)
  8 ice beasts
  7 swamp drakes
  A black bear (D:8)
  33 orc warriors
  6 swamp dragon zombies
  An eye of draining (D:10)
  21 ogres
  9 wolves
  14 phantoms
  A sky beast (shapeshifter) (Depths:3)
  A boggart (Depths:1)
  7 necrophages
  An ogre (shapeshifter) (Vaults:2)
  The ghost of doot the Firebug, an amateur DrFE (D:3)
  8 centaurs
  13 crocodiles
  6 big kobolds
  A komodo dragon zombie (Crypt:1)
  25 bullfrogs
  2 elf zombies (Ossuary)
  A gnoll sergeant (D:7)
  3 earth elementals
  Dowan (D:7)
  A water moccasin skeleton (D:9)
  2 scorpions
  A human simulacrum (Vaults:2)
  7 killer bees (D:7)
  A vampire bat (Orc:2)
  7 wights
  2 yak skeletons
  2 howler monkeys
  5 electric eels
  4 centaur zombies
  4 crimson imps
  A quasit (D:14)
  A gnoll shaman (D:3)
  2 human zombies (Ossuary)
  3 jellies (D:12)
  36 orc priests
  2 bullfrog skeletons
  7 centaur skeletons
  5 hounds
  A bullfrog zombie (D:7)
  7 orc wizards
  4 iguanas
  9 worker ants
  Terence (D:3)
  An acid dragon zombie (Crypt:2)
  3 big kobold zombies (Ossuary)
  2 demigod zombies
  A felid zombie (Crypt:1)
  2 hound zombies
  A hound skeleton (D:4)
  2 mummies (Ossuary)
  A worker ant zombie (D:10)
  Robin (D:3)
  15 gnolls
  16 adders
  4 river rats (D:4)
  3 shadow imps
  An ufetubus (Depths:1)
  An ooze (D:2)
  2 adder skeletons
  2 adder zombies (Ossuary)
  23 worms
  A dart slug (D:3)
  8 leopard geckos
  106 orcs
  3 ball pythons
  5 giant cockroaches
  10 goblins
  6 hobgoblins
  6 jackals
  5 quokkas
  A ball python skeleton (Crypt:1)
  9 bats
  6 frilled lizards
  A goblin zombie (Crypt:1)
  9 hobgoblin zombies (Ossuary)
  2 jackal skeletons (D:4)
  A jackal zombie (Ossuary)
  25 kobolds
  12 kobold zombies (Ossuary)
  3 orc zombies (Ossuary)
  A quokka skeleton (D:6)
  A quokka zombie (D:6)
  11 rats
  4 rat zombies
  2 briar patches (Swamp:4)
  4 crawling corpses (Elf:1)
  2 fungi
  14 plants
2111 creatures vanquished.

Vanquished Creatures (collateral kills)
  Khufu (Crypt:3)
  2 juggernauts
  Margery (Depths:2)
  A profane servitor (Crypt:3)
  Nikola (Elf:3)
  A bone dragon (Crypt:3)
  A tentacled monstrosity (Depths:4)
  A titan (Depths:2)
  2 thorn hunters (Swamp:4)
  2 deep elf master archers (Elf:3)
  3 sphinxes
  A shadow dragon (Depths:2)
  2 frost giants
  A tengu reaver (Depths:3)
  A ghost moth (Spider:3)
  An iron dragon (Depths:2)
  A deep elf sorcerer (Depths:2)
  2 vault wardens (Vaults:1)
  An emperor scorpion (Spider:3)
  2 fire giants
  2 ironheart preservers
  2 very ugly things (Depths:4)
  A deep elf demonologist (Elf:3)
  8 stone giants
  A spark wasp (Spider:3)
  A deep elf annihilator (Elf:3)
  3 ettins
  Snorg (D:11)
  4 deep elf death magi
  2 mummy priests (Crypt:3)
  A deep elf high priest (Depths:3)
  A merfolk impaler (Depths:1)
  4 fire dragons
  2 hydras (Swamp:1)
  2 ice dragons
  A great orb of eyes (Depths:2)
  3 rakshasas
  A vault guard (Vaults:2)
  2 ghost crabs (Swamp:4)
  2 death knights (Crypt:3)
  2 centaur warriors
  7 two-headed ogres
  3 orc high priests (Orc:2)
  A deep troll earth mage (Depths:1)
  3 tengu warriors
  2 ogre magi
  A vampire mage (Depths:1)
  6 deep troll shamans
  A dancing weapon (Elf:2)
  Nergalle (Lair:1)
  2 deep elf knights
  3 hell knights
  An iron troll (Depths:3)
  A shadow wraith (Crypt:3)
  6 deep trolls
  A glowing orange brain (Depths:1)
  A deep elf archer (Vaults:1)
  A spectral hydra (Swamp:4)
  A spriggan druid (Swamp:3)
  A phantasmal warrior (Swamp:4)
  A wizard (Depths:1)
  2 flayed ghosts (Crypt:3)
  2 orc knights
  6 deep elf magi
  4 orb spiders
  A wolf spider (Spider:3)
  A cyclops (Vaults:2)
  A salamander (Depths:3)
  6 ugly things
  A centaur skeleton (D:12)
  4 spiny frogs
  Psyche (D:8)
  A rime drake (Lair:1)
  2 demonic crawlers (Spider:3)
  3 komodo dragons
  A small abomination (Vaults:4)
  7 yaktaurs
  5 guardian mummies (Crypt:3)
  A hydra zombie (Swamp:4)
  4 jumping spiders
  A troll (Orc:1)
  3 bog bodies
  3 tyrant leeches (Lair:6)
  A wind drake (shapeshifter) (Vaults:1)
  3 hornets
  5 blink frogs
  A dream sheep (Lair:6)
  15 slime creatures
  An alligator zombie (Swamp:4)
  A hippogriff (Lair:1)
  A spectral swamp dragon (Swamp:4)
  An air elemental (Depths:3)
  6 water elementals (Depths:1)
  A shadow (Crypt:3)
  A wyvern (D:10)
  14 redbacks
  4 tarantellas
  7 yaks
  A fire elemental (Lair:3)
  4 vampire mosquitoes
  3 wargs (Orc:2)
  An insubstantial wisp (Swamp:4)
  3 swamp worms
  A hell hound (Spider:1)
  2 water moccasins (Lair:1)
  2 porcupines (Lair:1)
  A floating eye (Depths:2)
  4 orc warriors
  A black bear (D:11)
  A human zombie (Vaults:1)
  A hornet zombie (Vaults:1)
  4 necrophages (Crypt:3)
  A swamp dragon zombie (Swamp:4)
  An eye of draining (Lair:5)
  A human skeleton (Vaults:1)
  3 centaurs (Vaults:1)
  5 ogres
  An orc skeleton (Vaults:1)
  5 wolves (Lair:1)
  A crocodile (Lair:6)
  3 big kobolds
  8 bullfrogs
  A wight (Crypt:1)
  An electric eel (Lair:6)
  A centaur zombie (D:9)
  A bullfrog skeleton (D:11)
  3 orc priests
  An iguana (D:9)
  A gnoll (D:7)
  An adder (D:11)
  24 orcs
  A goblin (D:3)
  A hobgoblin (D:1)
  7 kobolds
  3 bats (Orc:2)
  2 fungi (D:10)
  15 plants
361 creatures vanquished.

Vanquished Creatures (others)
  A stone giant (Depths:3)
  A spriggan defender (Depths:3)
  A yaktaur captain (Depths:4)
  A spriggan air mage (Depths:3)
  A centaur warrior (D:15)
  A deep troll shaman (Depths:3)
  8 yaktaurs
  A demonic crawler (Spider:3)
  A tarantella (Spider:1)
  A water elemental (Depths:4)
  An insubstantial wisp (Swamp:4)
  2 centaurs
  3 briar patches (Swamp:4)
  15 fungi
  126 plants
164 creatures vanquished.

Grand Total: 2636 creatures vanquished

Notes
Turn   | Place    | Note
-------+----------+-------------------------------------------
     0 | D:1      | seren the Mummy Necromancer began the quest for the Orb.
     0 | D:1      | Reached XP level 1. HP: 13/13 MP: 4/4
     2 | D:1      | Learned a level 1 spell: Animate Skeleton
   381 | D:1      | Reached XP level 2. HP: 20/20 MP: 2/5
  1025 | D:2      | Reached skill level 1 in Fighting
  1331 | D:2      | Reached XP level 3. HP: 26/26 MP: 3/7
  1336 | D:2      | Learned a level 3 spell: Vampiric Draining
  1584 | D:2      | Found a glowing golden altar of the Shining One.
  1734 | D:2      | Reached XP level 4. HP: 31/32 MP: 6/9
  1740 | D:2      | Learned a level 4 spell: Animate Dead
  1993 | D:3      | Found a transporter.
  2044 | D:3      | Reached skill level 1 in Shields
  2050 | D:3      | Noticed doot's ghost (amateur DrFE)
  2228 | D:3      | Found a transporter.
  2458 | D:3      | Noticed Robin
  3353 | D:4      | Reached XP level 5. HP: 38/38 MP: 4/10
  3449 | D:4      | Found Loghux's Jewellery Shoppe.
  3684 | D:5      | Entered Level 5 of the Dungeon
  3766 | D:4      | Reached skill level 5 in Necromancy
  3805 | D:4      | Found a hazy altar of Hepliaklqana.
  4269 | D:3      | Reached XP level 6. HP: 44/44 MP: 5/12
  4353 | D:3      | Noticed Terence
  4577 | D:3      | Killed Robin
  5650 | D:5      | Noticed a sky beast
  5849 | D:3      | Killed Terence
  5849 | D:3      | Reached skill level 1 in Evocations
  6185 | D:5      | Noticed an orc warrior
  6252 | D:5      | Reached skill level 6 in Necromancy
  6252 | D:5      | Reached XP level 7. HP: 43/51 MP: 13/13
  6428 | D:5      | Found Gopsil's Assorted Antiques.
  6485 | D:5      | Got a jewelled ring mail
  6721 | D:6      | Identified the +1 ring mail of Qizeessupp {Regen+ rCorr Int+4} (You found it on level 5 of the Dungeon)
  6782 | D:6      | Learned a level 2 spell: Blink
  6837 | D:6      | Found a sand-covered staircase.
  6847 | Ossuary  | Entered an ossuary
  7208 | Ossuary  | Reached skill level 1 in Armour
  7875 | D:6      | Reached XP level 8. HP: 39/57 MP: 10/15
  8073 | D:6      | Reached skill level 5 in Spellcasting
  8207 | D:6      | Got a faintly glowing bone amulet
  8212 | D:6      | Identified the amulet "Upiery" {+Rage MR+} (You found it on level 6 of the Dungeon)
  8370 | D:6      | Found a snail-covered altar of Cheibriados.
  8395 | D:5      | Reached skill level 7 in Necromancy
  8954 | D:3      | Killed doot's ghost
  9712 | D:7      | Reached XP level 9. HP: 61/63 MP: 12/18
  9719 | D:7      | Found a staircase to the Ecumenical Temple.
  9735 | D:7      | Found a blossoming altar of Fedhas.
  9753 | Temple   | Entered the Ecumenical Temple
  9993 | Temple   | Became a worshipper of Kikubaaqudgha
 10014 | D:7      | Found a stormy altar of Qazlal.
 10017 | D:7      | Noticed Duvessa
 10019 | D:7      | Noticed Dowan
 10643 | D:7      | Reached * piety under Kikubaaqudgha
 10643 | D:7      | Identified Kikubaaqudgha's Disquisition on Unholy Rituals (Kikubaaqudgha gifted it to you on level 7 of the Dungeon)
 10643 | D:7      | Received a gift from Kikubaaqudgha
 10689 | D:7      | Killed Duvessa
 10702 | D:7      | Killed Dowan
 10740 | D:7      | Learned a level 5 spell: Borgnjor's Vile Clutch
 10844 | D:7      | Found a hide-covered altar of Uskayaw.
 10850 | D:7      | Noticed Menkaure
 10854 | D:7      | Killed Menkaure
 10854 | D:7      | Reached skill level 8 in Necromancy
 11359 | D:4      | Bought an uncursed ring of wizardry for 420 gold pieces
 11611 | D:8      | Found a shattered altar of Ashenzari.
 11634 | D:8      | Noticed Psyche
 11653 | D:8      | Killed Psyche
 11925 | D:8      | Reached skill level 1 in Earth Magic
 12969 | D:9      | Reached XP level 10. HP: 72/72 MP: 21/21
 13007 | D:9      | Reached skill level 5 in Evocations
 13240 | D:9      | Reached ** piety under Kikubaaqudgha
 13613 | D:10     | Entered Level 10 of the Dungeon
 14329 | D:10     | Reached skill level 5 in Fighting
 14566 | D:10     | Reached skill level 5 in Armour
 14621 | D:10     | Found a staircase to the Lair.
 14735 | D:10     | Noticed a white ugly thing
 14863 | Lair:1   | Entered Level 1 of the Lair of Beasts
 14863 | Lair:1   | Noticed Prince Ribbit
 14922 | D:10     | Reached *** piety under Kikubaaqudgha
 14922 | D:10     | Identified Kikubaaqudgha's Handbook of Evil Arts (Kikubaaqudgha gifted it to you on level 10 of the Dungeon)
 14922 | D:10     | Received a gift from Kikubaaqudgha
 14932 | D:10     | Learned a level 5 spell: Excruciating Wounds
 14939 | D:11     | Noticed Sonja
 14939 | D:11     | Noticed Maurice
 14948 | D:10     | Killed Maurice
 15458 | Lair:1   | Identified a scroll of acquirement
 15604 | Lair:1   | Noticed Nergalle
 15626 | Lair:1   | Killed Nergalle
 15626 | Lair:1   | Reached XP level 11. HP: 80/80 MP: 19/24
 16223 | Lair:1   | Got an ancient chain mail
 16224 | Lair:1   | Identified the cursed +1 chain mail of Trog's Hope {+Inv Str+7 Dex-2} (You found it on level 1 of the Lair of Beasts)
 16503 | Lair:1   | Reached skill level 10 in Spellcasting
 16773 | Lair:2   | Noticed jazmu's ghost (journeyman HuFi)
 16962 | Lair:2   | Reached skill level 9 in Necromancy
 17119 | Lair:3   | Noticed a seven-headed hydra
 17125 | Lair:3   | Found a frozen archway.
 17312 | Lair:3   | Killed a seven-headed hydra
 17342 | IceCv    | Entered an ice cave
 17415 | IceCv    | Noticed a white ugly thing
 17419 | IceCv    | Killed a white ugly thing
 17419 | IceCv    | Reached **** piety under Kikubaaqudgha
 18044 | IceCv    | Noticed a white ugly thing
 18229 | IceCv    | Killed a white ugly thing
 18634 | Lair:1   | Reached XP level 12. HP: 38/91 MP: 16/27
 18919 | Lair:2   | Reached skill level 10 in Necromancy
 19062 | Lair:2   | Noticed a four-headed hydra
 19069 | Lair:2   | Killed a four-headed hydra
 19854 | Lair:4   | Noticed Nessos
 19864 | Lair:4   | Killed Nessos
 20093 | Lair:3   | Reached skill level 11 in Necromancy
 20171 | Lair:3   | Found a staircase to the Swamp.
 20434 | Lair:3   | Found a hole to the Spider Nest.
 21929 | Lair:2   | Reached skill level 12 in Necromancy
 21984 | Lair:3   | Noticed Urug
 22010 | Lair:3   | Killed Urug
 22188 | Lair:5   | Got a glittering diamond amulet
 22190 | Lair:5   | Identified the amulet of Rinipam {Reflect SH+3 Stlth+} (You acquired it on level 5 of the Lair of Beasts)
 22296 | Lair:5   | Found a staircase to the Slime Pits.
 22518 | Lair:6   | Entered Level 6 of the Lair of Beasts
 22928 | D:10     | Killed Prince Ribbit
 22975 | D:10     | Gained mutation: You are in touch with the powers of death. [Mummy growth]
 22975 | D:10     | Reached XP level 13. HP: 89/99 MP: 3/29
 23260 | D:10     | Noticed a brown very ugly thing
 23276 | D:10     | Killed a brown very ugly thing
 23317 | D:10     | Reached skill level 5 in Dodging
 23432 | D:10     | Got a crude wooden ring
 23436 | D:10     | Identified the ring "Buchipeng" {rElec rPois rF+ rC+ Slay+2} (You found it on level 10 of the Dungeon)
 23683 | D:11     | Killed Sonja
 24202 | D:11     | Noticed Snorg
 24212 | D:11     | Killed Snorg
 24212 | D:11     | Reached skill level 10 in Fighting
 24280 | D:11     | Reached ***** piety under Kikubaaqudgha
 24773 | D:11     | Got a warped falchion
 24774 | D:11     | Identified the +8 falchion of Arphiv {slice, rN+ MR+ SInv} (You found it on level 11 of the Dungeon)
 25126 | D:10     | Upgraded the game from 0.21.0-37-g46506fa to 0.21.1
 25509 | D:12     | Reached skill level 13 in Necromancy
 25570 | D:12     | Found a staircase to the Orcish Mines.
 25714 | D:12     | Found a roughly hewn altar of Beogh.
 26111 | D:12     | Learned a level 1 spell: Apportation
 26389 | D:12     | Reached XP level 14. HP: 107/110 MP: 26/31
 26404 | D:12     | Got a distressingly furry robe
 26405 | D:12     | Identified the cursed +0 robe of the Illusory Queens {*Drain rF++ Regen+ Dex+9} (You found it on level 12 of the Dungeon)
 26596 | Orc:1    | Entered Level 1 of the Orcish Mines
 26705 | D:13     | Found Xuwk's Antique Weapon Emporium.
 26727 | D:13     | Found a transporter.
 26727 | D:13     | Noticed a stone giant
 26743 | D:13     | Found a transporter.
 27147 | D:13     | Got a scorched quarterstaff
 27148 | D:13     | Identified the +2 quarterstaff of the World {vamp, SInv} (You found it on level 13 of the Dungeon)
 27204 | D:13     | Noticed Rupert
 27212 | D:13     | Killed Rupert
 27212 | D:13     | Reached skill level 14 in Necromancy
 27434 | D:13     | Noticed Frances
 27894 | Orc:1    | Noticed Erolcha
 27902 | Orc:1    | Killed Erolcha
 28189 | Orc:2    | Entered Level 2 of the Orcish Mines
 28278 | Orc:2    | Found a staircase to the Elven Halls.
 28408 | Orc:1    | Reached ****** piety under Kikubaaqudgha
 28409 | Orc:1    | Received a gift from Kikubaaqudgha
 28804 | Orc:2    | Found a roughly hewn altar of Beogh.
 29079 | Orc:2    | Found Vefforom's Weapon Emporium.
 29079 | Orc:2    | Found Godadaz's Distillery.
 29200 | Orc:2    | Found Fonwucob's General Store.
 29200 | Orc:2    | Found Jejudono's General Store.
 29281 | Orc:2    | Bought a scroll of fear for 56 gold pieces
 29945 | D:13     | Bought an ancient hunting sling for 201 gold pieces
 29945 | D:13     | Identified the +8 hunting sling "Beopp" {venom, rElec MR+ Dex-4} (You bought it in a shop on level 13 of the Dungeon)
 30004 | Lair:1   | Learned a level 6 spell: Simulacrum
 30307 | Lair:5   | Reached skill level 1 in Maces & Flails
 30307 | Lair:5   | Reached skill level 1 in Ice Magic
 31219 | Lair:5   | Reached XP level 15. HP: 118/118 MP: 25/33
 32241 | Lair:6   | Got an ichor-stained scythe
 32244 | Lair:6   | Identified the +5 scythe "Geicsyiv" {slice, *Slow rC+++ MR+ Str+2} (You found it on level 6 of the Lair of Beasts)
 32777 | Swamp:1  | Entered Level 1 of the Swamp
 32842 | Lair:3   | Reached skill level 1 in Charms
 34179 | Swamp:1  | Found a hide-covered altar of Uskayaw.
 34625 | Swamp:2  | Reached skill level 15 in Spellcasting
 34795 | Swamp:3  | Reached skill level 15 in Necromancy
 34903 | Swamp:2  | Noticed a thorn hunter
 34922 | Swamp:2  | Learned a level 2 spell: Swiftness
 34938 | Swamp:2  | Killed a thorn hunter
 34938 | Swamp:2  | Reached skill level 5 in Ice Magic
 35015 | Swamp:3  | Reached skill level 5 in Maces & Flails
 35034 | Swamp:4  | Entered Level 4 of the Swamp
 35282 | Swamp:3  | Noticed Mara
 35284 | Swamp:3  | Noticed seren's illusion
 35290 | Swamp:3  | Noticed Kirke
 35390 | Swamp:3  | Killed Kirke
 35592 | Swamp:3  | Killed Mara
 35592 | Swamp:3  | Reached XP level 16. HP: 103/127 MP: 13/35
 36066 | Swamp:4  | Noticed a thorn hunter
 36091 | Swamp:4  | Noticed Aizul
 36104 | Swamp:3  | Killed Aizul
 36608 | Swamp:4  | Noticed a thorn hunter
 36739 | Swamp:4  | Killed a thorn hunter
 37171 | Lair:1   | Learned a level 5 spell: Dispel Undead
 37179 | Lair:1   | Learned a level 7 spell: Haunt
 37945 | Lair:3   | Identified the Grimoire of the Glacial Birds
 38585 | Swamp:4  | Killed a thorn hunter
 39419 | Swamp:4  | Got a decaying rune of Zot
 39533 | Swamp:4  | Got a distressingly furry cloak
 39544 | Swamp:4  | Identified the +1 cloak "Ses Uga" {+Inv Dex+5} (You acquired it on level 4 of the Swamp)
 39950 | Spider:1 | Entered Level 1 of the Spider Nest
 39953 | Spider:1 | Reached skill level 1 in Summonings
 40222 | Spider:1 | Noticed Azrael
 40231 | Spider:1 | Killed Azrael
 41448 | Spider:2 | Reached XP level 17. HP: 130/133 MP: 27/37
 41552 | Spider:2 | Noticed Arachne
 41564 | Spider:2 | Killed Arachne
 43322 | Spider:2 | Reached skill level 10 in Maces & Flails
 44147 | Spider:4 | Entered Level 4 of the Spider Nest
 44425 | Spider:4 | Noticed Jorgrun
 44852 | Spider:4 | Killed Jorgrun
 44987 | Spider:4 | Reached skill level 16 in Necromancy
 45249 | Spider:4 | Reached skill level 5 in Summonings
 47093 | D:13     | Killed Frances
 47525 | D:14     | Noticed Agnes
 47707 | D:14     | Killed Agnes
 47726 | D:13     | Reached XP level 18. HP: 108/140 MP: 13/38
 48211 | D:14     | Reached skill level 1 in Staves
 48511 | D:15     | Entered Level 15 of the Dungeon
 48767 | D:14     | Noticed Josephine
 48779 | D:14     | Killed Josephine
 49073 | D:14     | Found a gate to the Vaults.
 49553 | D:14     | Upgraded the game from 0.21.1 to 0.21.1-1-g345015f
 50532 | D:15     | Found an opulent altar of Gozag.
 50660 | Vaults:1 | Entered Level 1 of the Vaults
 53846 | Vaults:2 | Got a dazzling plate armour
 53853 | Vaults:2 | Identified the +0 plate armour of Hopscotch {rPois MR+++ Str-2 Int-5} (You found it on level 2 of the Vaults)
 54221 | Vaults:2 | Reached XP level 19. HP: 146/146 MP: 33/39
 55444 | Vaults:2 | Got an iridescent hunting sling
 55445 | Vaults:2 | Identified the +7 hunting sling of Odeff {flame, rElec rPois Dex-2 Stlth+} (You found it on level 2 of the Vaults)
 56008 | Vaults:2 | Learned a level 2 spell: Passwall
 56748 | Vaults:3 | Noticed a lich
 56751 | Vaults:3 | Killed a lich
 56868 | Vaults:3 | Got a smelly chain mail
 56869 | Vaults:3 | Identified the +2 chain mail "Hosoeqel" {rPois} (You found it on level 3 of the Vaults)
 57847 | Vaults:3 | Reached skill level 10 in Dodging
 58226 | Vaults:3 | Reached skill level 10 in Armour
 58301 | Vaults:3 | Found a staircase to the Crypt.
 58751 | Vaults:4 | Got a heavily runed iron ring
 58754 | Vaults:4 | Identified the ring "Ozadiv" {rC+ Dex+3 Slay+2} (You found it on level 4 of the Vaults)
 58802 | Vaults:4 | Found Rusone's General Store.
 59042 | Vaults:4 | Got an ancient flail
 59043 | Vaults:4 | Identified the +9 flail "Jyitruejet" {venom, rElec rC+ Dex+3} (You found it on level 4 of the Vaults)
 59217 | Vaults:4 | Got a twitching granite ring
 59266 | Vaults:4 | Identified the ring of the Ten Ghosts {rN+ Int+6 Dex-2} (You found it on level 4 of the Vaults)
 59466 | Vaults:4 | Reached skill level 5 in Shields
 59955 | Vaults:4 | Got a blackened arbalest
 59956 | Vaults:4 | Identified the +7 arbalest "Elaripeo" {flame, Dex+4} (You found it on level 4 of the Vaults)
 59994 | Vaults:4 | Reached XP level 20. HP: 154/154 MP: 32/41
 60629 | Lair:1   | Learned a level 1 spell: Summon Butterflies
 61771 | Spider:4 | Got a gossamer rune of Zot
 62494 | Elf:1    | Entered Level 1 of the Elven Halls
 62614 | Elf:1    | Found Juc Rowo's General Store.
 62728 | Elf:1    | Found Doiw's General Store.
 63298 | Elf:1    | Found Amei's Assorted Antiques.
 63479 | Elf:1    | Found Apsup's Book Emporium.
 63788 | Elf:1    | Found Uhaul's Magic Scroll Shoppe.
 63796 | Elf:1    | Bought a scroll of blinking for 112 gold pieces
 63796 | Elf:1    | Bought a scroll of fear for 52 gold pieces
 64803 | Elf:1    | Found Fukirawk's Jewellery Shop.
 64803 | Elf:1    | Found Ybus's Gadget Emporium.
 64804 | Elf:1    | Found Kuhagrat's Jewellery Shop.
 65505 | Elf:2    | Reached skill level 17 in Necromancy
 65824 | Elf:2    | Found a runed gate.
 65824 | Elf:2    | Found a runed gate.
 65871 | Elf:2    | Found a runed gate.
 66098 | Elf:3    | Entered Level 3 of the Elven Halls
 67300 | Elf:3    | Reached XP level 21. HP: 163/163 MP: 22/43
 68310 | Elf:3    | Got an uncursed shimmering dagger {freeze}
 68314 | Elf:3    | Identified the +5 dagger "Elucaotu" {freeze, Stlth+} (You took it off a deep elf high priest on level 3 of the Elven Halls)
 69170 | Elf:3    | Found Paputwalo's Jewellery Shop.
 69313 | Elf:3    | Reached skill level 10 in Summonings
 69378 | Elf:3    | Noticed Nikola
 69397 | Elf:3    | Killed Nikola
 69630 | Elf:3    | Got a steaming scale mail
 69631 | Elf:3    | Identified the cursed +0 scale mail of the Evening Star {rPois} (You found it on level 3 of the Elven Halls)
 70557 | D:15     | Found a staircase to the Depths.
 70632 | Depths:1 | Entered Level 1 of the Depths
 70692 | Depths:1 | Found a gateway to Hell.
 70746 | Depths:1 | Found a one-way gate leading to the halls of Pandemonium.
 71278 | Depths:1 | Found a gateway to a ziggurat.
 72238 | Depths:1 | Reached XP level 22. HP: 173/173 MP: 40/44
 72380 | Depths:1 | Identified the Catalogue of Creation and Confrontation
 72402 | Depths:1 | Got a smoking leather armour
 72404 | Depths:1 | Identified the cursed +0 leather armour of Meol {Str+4} (You found it on level 1 of the Depths)
 72417 | Depths:1 | Got an encrusted leather armour
 72428 | Depths:1 | Identified the +3 leather armour of Dim Light {*Contam Int+8} (You found it on level 1 of the Depths)
 73374 | Depths:2 | Paralysed by a floating eye for 3 turns
 73417 | Depths:2 | Noticed a juggernaut
 73424 | Depths:2 | Killed a juggernaut
 73714 | Depths:2 | Got an ichor-stained demon whip
 73715 | Depths:2 | Identified the +11 demon whip of Checkmate {elec, Dex+2} (You found it on level 2 of the Depths)
 74009 | Depths:2 | Got an encrusted shield
 74020 | Depths:2 | Identified the cursed -5 shield of the Furies {+Blink rCorr} (You found it on level 2 of the Depths)
 74065 | Depths:2 | Noticed Margery
 74493 | Crypt:1  | Entered Level 1 of the Crypt
 75113 | Crypt:1  | Reached skill level 18 in Necromancy
 75426 | Crypt:1  | Reached skill level 15 in Fighting
 76391 | Crypt:2  | Noticed Donald
 76399 | Crypt:2  | Killed Donald
 76459 | Crypt:2  | Reached skill level 10 in Shields
 76627 | Crypt:3  | Entered Level 3 of the Crypt
 76895 | Crypt:2  | Found the +3 giant club "Skullcrusher" {speed, Str+7}
 77836 | Crypt:3  | Reached XP level 23. HP: 181/181 MP: 46/46
 78485 | Crypt:3  | Found a basalt altar of Yredelemnul.
 79008 | Crypt:3  | Reached skill level 19 in Necromancy
 79017 | Crypt:3  | Found the +2 pair of boots of the Assassin {Detection Stab+ Stlth++}
 79400 | Crypt:3  | Found a staircase to the Tomb.
 79400 | Crypt:3  | Noticed Khufu
 79401 | Crypt:3  | Found the cursed +13 scythe of Curses {drain, *Curse}
 79412 | Crypt:3  | Killed Khufu
 80085 | Depths:2 | Killed Margery
 81572 | Depths:3 | Found a one-way gate to the infinite horrors of the Abyss.
 81606 | Depths:3 | Noticed a juggernaut
 81616 | Depths:3 | Killed a juggernaut
 82127 | Depths:3 | Got a smoking ring mail
 82128 | Depths:3 | Identified the +3 ring mail "Vulul" {+Blink rN+ Str+5} (You found it on level 3 of the Depths)
 82308 | Depths:5 | Entered Level 5 of the Depths
 82394 | Depths:4 | Reached skill level 20 in Necromancy
 82394 | Depths:4 | Reached XP level 24. HP: 82/189 MP: 19/46
 84324 | Elf:1    | Bought a +2 pair of gloves of dexterity for 387 gold pieces
 84339 | Elf:1    | Bought a scroll of magic mapping for 63 gold pieces
 84339 | Elf:1    | Bought the amulet of Zaxe {Reflect Str+2 SH+2} for 336 gold pieces
 84339 | Elf:1    | Bought a scroll of identify for 36 gold pieces
 85787 | Depths:3 | Reached skill level 1 in Translocations
 87039 | Depths:4 | Found a transporter.
 87048 | Depths:4 | Found a viscous altar of Jiyva.
 87364 | Depths:4 | Found a transporter.
 87657 | Depths:4 | HP: 4/191 [acid (11)]
 87657 | Depths:4 | Splashed by an acid blob's acid

Skill      XL: |  1  2  3  4  5  6  7  8  9 10 11 12 13 14 15 16 17 18 19 20 21 22 23 24 |
---------------+-------------------------------------------------------------------------+-----
Spellcasting   | 3 4 6 7 9 11 12 13 14 15 16 17 18 19 | 19.1
Fighting       | 1 2 3 4 5 7 8 10 11 12 13 14 15 16 | 16.0
Stealth        | 2 3 |  3.6
Shields        | 1 2 3 4 5 7 8 10 | 10.0
Necromancy     | 5 6 7 8 9 12 13 14 15 16 17 18 20 | 20.0
Evocations     | 1 2 3 4 6 7 8 9 |  9.2
Armour         | 1 2 3 5 7 8 10 12 13 | 13.8
Earth Magic    | 1 2 3 |  3.0
Dodging        | 2 3 4 5 6 7 8 10 | 10.0
Maces & Flails | 2 6 8 11 | 11.9
Ice Magic      | 2 6 7 |  7.0
Charms         | 2 |  2.0
Summonings     | 2 6 7 8 9 10 11 12 | 12.1
Staves         | 3 |  3.9
Translocations | 1 |  1.6

Action                   |  1- 3 |  4- 6 |  7- 9 | 10-12 | 13-15 | 16-18 | 19-21 | 22-24 || total
-------------------------+-------+-------+-------+-------+-------+-------+-------+-------++-------
Melee: Unarmed           |     5 |       |       |       |       |       |       |       ||     5
       Whip              |     5 |       |       |       |       |       |       |       ||     5
       Dagger            |    13 |    65 |   199 |   731 |   426 |     5 |       |       ||  1439
       Hunting sling     |       |       |     1 |     1 |       |     1 |       |       ||     3
       Short sword       |       |       |       |       |    32 |       |       |       ||    32
       Mace              |       |       |       |       |   208 |   584 |   272 |       ||  1064
       Quick blade       |       |       |       |       |    65 |     1 |       |       ||    66
       Falchion          |       |       |       |       |       |    43 |    34 |     6 ||    83
       Lajatang          |       |       |       |       |       |    30 |       |       ||    30
       Flail             |       |       |       |       |       |       |   430 |    73 ||   503
       Demon whip        |       |       |       |       |       |       |       |  1216 ||  1216
 Fire: Hunting sling     |    24 |    84 |   284 |   245 |   536 |   840 |   669 |   184 ||  2866
Throw: Stone             |     4 |       |       |       |       |       |       |       ||     4
       Javelin           |       |       |     6 |       |     1 |       |       |       ||     7
       Throwing net      |       |       |       |       |       |       |       |     1 ||     1
 Cast: Pain              |    45 |   128 |    64 |    54 |     4 |     3 |     1 |     1 ||   300
       Animate Skeleton  |     1 |    10 |    12 |    32 |     5 |       |       |       ||    60
       Vampiric Draining |       |       |    23 |    49 |    28 |    29 |    20 |    15 ||   164
       Animate Dead      |       |       |     6 |    19 |    49 |    32 |    64 |    63 ||   233
       Borgnjor's Vile C |       |       |       |    78 |   210 |   213 |   242 |    92 ||   835
       Excruciating Woun |       |       |       |     1 |     7 |    10 |    16 |       ||    34
       Blink             |       |       |       |       |     9 |    14 |     7 |     3 ||    33
       Apportation       |       |       |       |       |    28 |    26 |     4 |     5 ||    63
       Dispel Undead     |       |       |       |       |       |    65 |    14 |    61 ||   140
       Simulacrum        |       |       |       |       |       |     8 |     8 |    16 ||    32
       Summon Butterflie |       |       |       |       |       |       |     9 |     4 ||    13
       Passwall          |       |       |       |       |       |       |     1 |     1 ||     2
       Swiftness         |       |       |       |       |       |       |     1 |       ||     1
       Haunt             |       |       |       |       |       |       |     2 |    20 ||    22
Invok: Receive Corpses   |       |       |     1 |     7 |     8 |    14 |    21 |    19 ||    70
       Receive Necronomi |       |       |       |       |     1 |       |       |       ||     1
       Torment           |       |       |       |       |       |       |       |     1 ||     1
 Abil: Evoke Flight      |       |       |       |       |       |     2 |       |     2 ||     4
       Evoke Invisibilit |       |       |       |       |       |       |       |     1 ||     1
Evoke: Wand              |       |       |    23 |    50 |    13 |    10 |    13 |    25 ||   134
       Lightning rod     |       |       |       |     2 |     2 |     2 |     7 |     4 ||    17
       Lamp of fire      |       |       |       |       |       |       |       |     3 ||     3
       Box of beasts     |       |       |       |       |       |       |       |     3 ||     3
       Phial of floods   |       |       |       |       |       |       |       |     1 ||     1
  Use: Scroll            |     1 |    11 |     6 |    12 |    13 |     9 |    11 |    25 ||    88
 Stab: Sleeping          |     1 |       |       |     2 |     1 |     2 |     3 |    10 ||    19
       Paralysed         |       |       |    14 |    11 |       |       |       |       ||    25
       Distracted        |       |       |     2 |     3 |     1 |     7 |    10 |    10 ||    33
Armor: Robe              |     3 |    36 |       |       |       |       |       |       ||    39
       Ring mail         |       |       |   125 |   237 |   268 |   498 |   303 |   239 ||  1670
       Fire dragon scale |       |       |       |       |       |       |       |    49 ||    49
Dodge: Dodged            |    21 |    66 |   103 |   295 |   447 |   738 |   519 |   484 ||  2673
       Deflected         |       |       |     1 |     3 |    12 |       |       |       ||    16
Block: Buckler           |     4 |    33 |    95 |   214 |   336 |   532 |   342 |   494 ||  2050
       Shield            |       |       |       |     3 |       |       |       |       ||     3
       Reflection        |       |       |       |       |       |    35 |    10 |    53 ||    98
       Other             |       |       |       |       |       |     4 |       |       ||     4
       Rpst.: Falchion   |       |       |       |       |       |     8 |     9 |     2 ||    19
